 Dungeon Crawl Stone Soup version 0.29.1-12-g30fa7ad0bf (webtiles) character file.

Game seed: 17723363823564652230

9535 wormed the Basher (level 11, -3/150 HPs)
             Began as a Minotaur Berserker on Dec 20, 2022.
             Was an Elder of Trog.
             Slain by a two-headed ogre
             ... wielding a +0 giant spiked club
              (9 damage)
             ... on level 9 of the Dungeon.
             The game lasted 00:24:25 (11399 turns).

wormed the Basher (Minotaur Berserker)             Turns: 11399, Time: 00:24:25

Health: -3/150     AC: 20    Str: 29    XL:     11   Next: 24%
Magic:  10/10      EV:  8    Int:  8    God:    Trog [****..]
Gold:   485        SH:  0    Dex: 13    Spells: 10/10 levels left

rFire   . . .      SeeInvis .   s - +1 morningstar
rCold   . . .      Faith    .   (no shield)
rNeg    + . .      Spirit   .   f - +0 plate armour
rPois   .          Reflect  .   (helmet restricted)
rElec   .          Harm     .   A - +1 cloak
rCorr   .          Rampage  .   (no gloves)
Will    +....                   F - +2 pair of boots
Stlth   ..........              D - amulet of regeneration
HPRegen 1.15/turn               c - ring "Xuliwkug" {rN+ Str+3 Int+6 Dex+3}
MPRegen 0.12/turn               u - ring of willpower

@: berserking, very quick
A: horns 2, retaliatory headbutt, hooves 1, dopey 1, wild magic 1
a: Renounce Religion, Berserk, Trog's Hand, Brothers in Arms


You were on level 9 of the Dungeon.
You worshipped Trog.
Trog was greatly pleased with you.
You visited 1 branch of the dungeon, and saw 9 of its levels.

You collected 485 gold pieces.

Inventory:

Hand Weapons
 s - a +1 morningstar (weapon)
Armour
 f - a +0 plate armour (worn)
 A - a +1 cloak (worn)
 F - a +2 pair of boots (worn)
Jewellery
 c - the ring "Xuliwkug" (left hand) {rN+ Str+3 Int+6 Dex+3}
   (You acquired it on level 1 of the Dungeon)

   [ring of intelligence]

   Str:       It affects your strength (+3).
   Int:       It affects your intelligence (+6).
   Dex:       It affects your dexterity (+3).
   rN:        It protects you from negative energy.
 i - a ring of flight
 j - a +6 ring of strength
 u - a ring of willpower (right hand)
 D - an amulet of regeneration (around neck)
Wands
 h - a wand of digging (5)
 x - a wand of charming (10)
Scrolls
 g - a scroll of fear {unknown}
 k - a scroll of magic mapping
 o - a scroll of amnesia {unknown}
 r - a scroll of blinking
 t - 2 scrolls of vulnerability
 w - 2 scrolls of butterflies
 y - a scroll of teleportation {unknown}
 C - 2 scrolls of enchant weapon
 E - a scroll of summoning
Potions
 a - a potion of attraction
 b - 2 potions of might
 d - a potion of cancellation
 e - 5 potions of curing
 l - a potion of resistance
 m - 3 potions of haste
 n - 3 potions of brilliance
 p - 2 potions of lignification {unknown}
 q - a potion of degeneration
 v - 3 potions of flight
 z - 2 potions of heal wounds


   Skills:
 + Level 10.2 Fighting
 * Level 13.7 Maces & Flails
 + Level 9.8 Armour
 - Level 2.1 Dodging
 + Level 9.4 Shields


You had 10 spell levels left.
You didn't know any spells.
Your spell library was empty.

Dungeon Overview and Level Annotations

Branches:
Dungeon (9/15)             Temple (0/1) D:5
   Lair: D:8-11         Orc: D:9-12

Altars:
Cheibriados
Dithmenos
Makhleb
Vehumet
Xom
Zin
The Shining One


Innate Abilities, Weirdness & Mutations

You have a pair of horns on your head.
You reflexively headbutt those who attack you in melee.
You have large cloven feet.
You are dopey. (Int -2)
Your spells are a little harder to cast, but a little more powerful.


Message History

The two-headed ogre hits you but does no damage.
You puncture the two-headed ogre!
The two-headed ogre is heavily wounded.
The ogre mage hits you but does no damage.
You puncture the two-headed ogre!
The two-headed ogre is almost dead.
The two-headed ogre hits you with a +0 giant spiked club!!
The two-headed ogre hits you with a +0 dire flail!
You puncture the two-headed ogre! You headbutt the two-headed ogre.
You kill the two-headed ogre!
Trog accepts your kill.
The ogre mage gestures at you while chanting.
The bolt of magma hits you!!
You hit the two-headed ogre.
The two-headed ogre is lightly wounded.
The ogre mage hits you but does no damage.
A red film seems to cover your vision as you go berserk!
You feel yourself moving faster!
You feel mighty!
The two-headed ogre hits you with a +0 giant spiked club!!
* * * LOW HITPOINT WARNING * * *
The two-headed ogre hits you with a +0 giant club!!
* * * LOW HITPOINT WARNING * * *
You barely miss the two-headed ogre.
The two-headed ogre is lightly wounded.
The ogre mage hits you from afar with a +0 spear.
* * * LOW HITPOINT WARNING * * *
You are too berserk!
You impale the two-headed ogre!!
The two-headed ogre is heavily wounded.
The two-headed ogre barely misses you. You furiously retaliate!
You headbutt the two-headed ogre, but do no damage.
The two-headed ogre completely misses you.
You bludgeon the two-headed ogre!!
Your headbutt misses the two-headed ogre.
The two-headed ogre is almost dead.
The ogre mage hits you but does no damage.
You barely miss the two-headed ogre.
The two-headed ogre is almost dead.
The two-headed ogre hits you with a +0 giant spiked club!
You die...

P###.... #...)#...##
# ..P#...#
##...)"###.# ##
...♣... #...>### #.#
##≈ ...P♣. ##..## #.#
#≈≈ .~~..♣# #..##
##.# ###≈≈ ~~~~..##
#.## ##.## ##..≈≈
♣~~~...# #.##
#.#####..≈≈≈ ♣~~♣~♣.#
##.# #.###.....≈≈
~♣~~♣P.# #@##
##.........) .~♣~~..#
##O# ###.....≈≈≈
.♣~~♣..# #.OO#
##.....≈≈ .......#
#..O?.# #....≈≈≈
......##### +O....#
##.≈≈≈≈# #P........#
#.O..## #≈≈≈≈≈##
##........######..##
#≈≈≈≈####
#...........# #}##
##≈≈## #
##....###....########
#


You could see a two-headed ogre, an ogre mage and 2 ogres.

Vanquished Creatures
  4 two-headed ogres (D:9)
  A tengu warrior (D:8)
  Psyche (D:8)
  Maggie (D:6)
  A troll (D:9)
  A shadow (D:9)
  5 yaks (D:7)
  A steam dragon (D:7)
  Grum (D:8)
  Menkaure (D:6)
  An acid dragon (D:9)
  2 water moccasins
  Duvessa (D:4)
  2 orc warriors
  2 black bears
  14 ogres
  5 centaurs
  4 wolves (D:8)
  3 phantoms
  2 kobold brigands
  A necrophage (D:6)
  3 bullfrogs
  2 scorpions
  4 wights (D:8)
  Dowan (D:4)
  4 killer bees (D:9)
  2 electric eels (D:9)
  3 hounds
  2 jellies
  2 orc priests
  A gnoll bouda (D:6)
  3 iguanas
  5 orc wizards
  An ogre zombie (D:9)
  4 gnolls (D:6)
  10 adders
  A white imp (D:5)
  An ufetubus (D:4)
  A worm (D:4)
  36 orcs
  6 endoplasms
  5 giant cockroaches
  6 goblins
  7 hobgoblins
  6 jackals
  14 kobolds
  6 quokkas
  2 ball pythons
  2 bats
  3 frilled lizards (D:1)
  A rat (D:3)
198 creatures vanquished.

Vanquished Creatures (others)
  5 plants (D:9)
5 creatures vanquished.

Grand Total: 203 creatures vanquished

Notes
Turn   | Place    | Note
-------+----------+-------------------------------------------
     0 | D:1      | wormed the Minotaur Berserker began the quest for the Orb.
     0 | D:1      | Reached XP level 1. HP: 19/19 MP: 0/0
   191 | D:1      | Reached XP level 2. HP: 27/27 MP: 1/1
   193 | D:1      | Reached skill level 4 in Maces & Flails
   274 | D:1      | Reached skill level 1 in Shields
   579 | D:1      | Reached ** piety under Trog
   725 | D:1      | Identified a scroll of acquirement
   725 | D:1      | Acquired the ring "Xuliwkug" {rN+ Str+3 Int+6 Dex+3}
   797 | D:2      | Reached XP level 3. HP: 33/33 MP: 2/2
   891 | D:2      | Identified the +9 sling of the Swamp {flame, *Corrode Int+6
                  | Dex+3}
  1791 | D:3      | Reached XP level 4. HP: 35/40 MP: 3/3
  1806 | D:3      | Reached skill level 5 in Maces & Flails
  1940 | D:3      | Found a faded altar of an unknown god.
  1986 | D:3      | Found a snail-covered altar of Cheibriados.
  1989 | D:3      | Found a shimmering altar of Xom.
  2231 | D:3      | Reached XP level 5. HP: 47/47 MP: 4/4
  3104 | D:4      | Noticed Dowan
  3106 | D:4      | Noticed Duvessa
  3118 | D:4      | Killed Duvessa
  3119 | D:4      | Reached skill level 6 in Maces & Flails
  3119 | D:4      | Reached XP level 6. HP: 42/55 MP: 5/5
  3128 | D:4      | Killed Dowan
  3219 | D:4      | Reached skill level 5 in Fighting
  3670 | D:5      | Entered Level 5 of the Dungeon
  3680 | D:5      | Reached *** piety under Trog
  3687 | D:5      | Reached XP level 7. HP: 57/61 MP: 6/6
  3725 | D:5      | Identified the +2 rapier "Oxzeugh" {holy, Int+4}
  3763 | D:5      | Reached skill level 7 in Maces & Flails
  3926 | D:5      | Found the +1 Delatra's gloves {ID++}
  3940 | D:5      | Reached skill level 5 in Armour
  4186 | D:5      | Found a shadowy altar of Dithmenos.
  4254 | D:5      | Identified the +2 robe of Charity {Contam Int+5 Dex+4}
  4328 | D:5      | Reached skill level 8 in Maces & Flails
  4328 | D:5      | Reached XP level 8. HP: 29/70 MP: 7/7
  4642 | D:5      | Found a staircase to the Ecumenical Temple.
  4835 | D:5      | Found a glowing golden altar of the Shining One.
  4998 | D:5      | Found a burning altar of Makhleb.
  5470 | D:6      | Reached skill level 5 in Shields
  5969 | D:6      | Noticed Menkaure
  5986 | D:6      | Killed Menkaure
  6101 | D:6      | Reached skill level 9 in Maces & Flails
  6325 | D:6      | Noticed Maggie
  6338 | D:6      | Killed Maggie
  6961 | D:6      | Reached XP level 9. HP: 62/79 MP: 8/8
  7432 | D:7      | Reached skill level 10 in Maces & Flails
  8085 | D:7      | Reached skill level 11 in Maces & Flails
  8402 | D:7      | Found a glowing silver altar of Zin.
  8932 | D:8      | Found a radiant altar of Vehumet.
  8955 | D:8      | Noticed Grum
  8957 | D:8      | Reached XP level 10. HP: 87/90 MP: 9/9
  8968 | D:8      | Killed Grum
  9006 | D:8      | Noticed a tengu warrior
  9021 | D:8      | Killed a tengu warrior
  9022 | D:8      | Reached skill level 12 in Maces & Flails
  9221 | D:8      | Reached **** piety under Trog
  9870 | D:8      | Gained mutation: You have a pair of large horns on your
                  | head. [potion of mutation]
  9873 | D:8      | Lost mutation: You have a pair of large horns on your head.
                  | [potion of mutation]
  9873 | D:8      | Gained mutation: You have large cloven feet. [potion of
                  | mutation]
  9873 | D:8      | Gained mutation: You are dopey. (Int -2) [potion of
                  | mutation]
  9873 | D:8      | Gained mutation: Your spells are a little harder to cast,
                  | but a little more powerful. [potion of mutation]
  9941 | D:8      | Noticed Psyche
  9955 | D:8      | Killed Psyche
 11265 | D:9      | Noticed a two-headed ogre
 11266 | D:9      | Noticed a two-headed ogre
 11268 | D:9      | Noticed a two-headed ogre
 11274 | D:9      | Killed a two-headed ogre
 11275 | D:9      | Reached skill level 13 in Maces & Flails
 11276 | D:9      | Killed a two-headed ogre
 11277 | D:9      | Reached XP level 11. HP: 99/99 MP: 10/10
 11286 | D:9      | Killed a two-headed ogre
 11287 | D:9      | Reached skill level 10 in Fighting
 11380 | D:9      | Noticed a two-headed ogre
 11380 | D:9      | Noticed a two-headed ogre
 11380 | D:9      | Noticed a two-headed ogre
 11382 | D:9      | Noticed an ogre mage
 11393 | D:9      | Killed a two-headed ogre
 11395 | D:9      | HP: 5/150 [two-headed ogre/+0 giant spiked club (25)]
 11399 | D:9      | Slain by a two-headed ogre

Illustrated notes

Levels and vault maps discovered:
D:1:      dpeg_arrival_rhombus, layout_basic, dk_noncrumbling_3
D:2:      layout_basic
D:3:      layout_basic, grunt_temple_overflow_open,
          shapermc_ecumenical_altar_totnotflames
D:4:      layout_loops_ring, serial_park_tiny_pond, uniq_duvessa
D:5:      layout_basic, tso_altar, grunt_dithmenos_smoke_and_mirrors,
          lightli_temple_of_fire, minmay_temple_entry_antechambers,
          amcnicky_mini_rare_corridor_liquid, minmay_crystal_room
D:6:      layout_basic, uniq_menkaure, uniq_maggie
D:7:      layout_loops_cross, mainiacjoe_overflow_alcove_2
D:8:      layout_loops_corners, nicolae_vehumet_radiance, serial_aquarium,
          aquarium_bridge_square [aquarium_subvault_window,
          aquarium_subvault_window, aquarium_subvault_window,
          aquarium_subvault_bridge], aquarium_window_fake, aquarium_window_2,
          aquarium_window_double, aquarium_window_fake, aquarium_view_2d,
          aquarium_balcony_5b, aquarium_pool_S, minmay_microvault, uniq_psyche,
          uniq_grum
D:9:      lemuel_ogre_cave, layout_basic, serial_bayou, serial_bayou_crossing,
          serial_bayou_shore_b, serial_bayou_ford_a, serial_bayou_pond_a

Skill      XL: |  1  2  3  4  5  6  7  8  9 10 11 |
---------------+----------------------------------+-----
Maces & Flails | 4 5 6 8 9 11 13 | 13.7
Shields        | 1 2 3 4 6 7 9 |  9.4
Fighting       | 4 5 6 7 8 9 10 | 10.2
Armour         | 3 4 5 6 8 9 |  9.8
Dodging        | |  2.1

Action                   |  1- 3 |  4- 6 |  7- 9 | 10-12 || total
-------------------------+-------+-------+-------+-------++-------
Melee: Mace              |    77 |     8 |       |       ||    85
       Headbutt          |     9 |    24 |    35 |    33 ||   101
       Punch             |     1 |       |     3 |     4 ||     8
       Morningstar       |       |   110 |   193 |   171 ||   474
Invok: Berserk           |       |       |     3 |     4 ||     7
  Use: Potion            |     1 |       |       |     2 ||     3
       Scroll            |     2 |       |    14 |     4 ||    20
Armor: Scale mail        |    15 |       |       |       ||    15
       Animal skin       |     1 |       |       |       ||     1
       Plate armour      |    25 |    82 |   125 |    86 ||   318
Dodge: Dodged            |    41 |    34 |    89 |    76 ||   240
